 Dungeon Crawl Stone Soup version 0.29.1-15-g9cfb28693d (webtiles) character file.

Game seed: 5797658204653361696

106 MisterFreud the Twirler (level 5, -3/38 HPs)
             Began as a Formicid Gladiator on Apr 10, 2023.
             Slain by a black bear (5 damage)
             ... on level 4 of the Dungeon.
             The game lasted 00:02:53 (2780 turns).

MisterFreud the Twirler (Formicid Gladiator)        Turns: 2780, Time: 00:02:54

Health: -3/38      AC:  3    Str: 20    XL:     5   Next: 10%
Magic:  5/5        EV: 12    Int:  8    God:
Gold:   134        SH:  0    Dex: 15    Spells: 4/4 levels left

rFire   . . .      SeeInvis +   a - +0 quarterstaff
rCold   . . .      Faith    .   (no shield)
rNeg    . . .      Spirit   .   b - +0 leather armour
rPois   .          Reflect  .   (helmet unavailable)
rElec   .          Harm     .   (no cloak)
rCorr   .          Rampage  .   (no gloves)
Will    .....                   (no boots)
Stlth   +.........              (no amulet)
HPRegen 0.12/turn               (no ring)
MPRegen 0.09/turn               (no ring)

@: no status effects
A: permanent stasis, dig shafts and tunnels, antennae 3, four strong arms
a: Dig, Shaft Self


You were on level 4 of the Dungeon.
You visited 1 branch of the dungeon, and saw 4 of its levels.

You collected 134 gold pieces.

Inventory:

Hand Weapons
 a - a +0 quarterstaff (weapon)
Missiles
 c - 3 throwing nets (quivered)
 d - 7 javelins
 f - 16 poisoned darts
 i - 2 boomerangs
Armour
 b - a +0 leather armour (worn)
Jewellery
 g - a ring of magical power
Potions
 e - a potion of brilliance {unknown}
 h - a potion of lignification {unknown}
 k - 2 potions of curing
 l - 2 potions of might
 m - a potion of haste {unknown}


   Skills:
 - Level 2.1 Fighting
 + Level 5.4 Staves
 - Level 2.0 Throwing
 - Level 2.6 Dodging


You had 4 spell levels left.
You didn't know any spells.
Your spell library contained the following spells:

 Spells                   Type           Power      Damage    Failure   Level
 Ensorcelled Hibernation  Hex/Ice        0%         N/A       61%         2
 Passwall                 Tmut/Erth      0%         N/A       61%         2
 Swiftness                Air            Unusable   N/A       N/A         3

Dungeon Overview and Level Annotations

Branches:
Dungeon (4/15)
 Temple: D:4-7

Altars:


Innate Abilities, Weirdness & Mutations

You cannot be hasted, slowed, berserked, paralysed or teleported.
You can dig through walls and to a lower floor.
You have a pair of large antennae on your head. (SInv)
Your four strong arms can wield two-handed weapons with a shield.


Message History

The scorpion barely misses you.
You hit the scorpion but do no damage. The scorpion barely misses you.
You closely miss the scorpion. The scorpion stings you.
You hit the scorpion.
The scorpion is moderately wounded.
The scorpion stings you but does no damage.
The scorpion closely misses you.
You barely miss the scorpion.
The scorpion is moderately wounded.
The scorpion stings you.
You barely miss the scorpion.
The scorpion is moderately wounded.
The scorpion closely misses you. The black bear bites you.
The black bear claws you. x2
You completely miss the scorpion.
The scorpion is moderately wounded.
The scorpion stings you. The black bear bites you. The black bear claws you. x2
You barely miss the scorpion.
The scorpion is moderately wounded.
The scorpion stings you but does no damage.
The black bear barely misses you. The black bear closely misses you.
The black bear misses you. The scorpion misses you.
You hit the scorpion.
The scorpion is heavily wounded.
The black bear barely misses you. The black bear misses you.
The black bear claws you. The scorpion stings you.
* * * LOW HITPOINT WARNING * * *
Okay, then.
Unknown command.
Are you sure you want to shaft yourself?
The scorpion stings you.
* * * LOW HITPOINT WARNING * * *
The black bear bites you.
* * * LOW HITPOINT WARNING * * *
The black bear claws you.
* * * LOW HITPOINT WARNING * * *
The black bear closely misses you.
You begin to dig a shaft.
You continue digging a shaft.
The scorpion closely misses you. The black bear bites you.
You die...

.# .# # .# .# .## .#
..# ###.# ..# ########
##... ..###....... >J.
..##...#########s#
.#.............#@#
#.##...#######.#h###..#
#####.## #..........
#.# ###.####..o #.# #.#
#.### #.. #...# ##.#
###.# .# #.# ..


You could see a black bear, a scorpion and an endoplasm.

Vanquished Creatures
  3 adders
  5 dart slugs
  3 orcs (D:3)
  5 bats
  4 endoplasms
  2 giant cockroaches
  3 goblins
  6 hobgoblins
  7 jackals
  6 kobolds
  2 quokkas
  5 ball pythons
  5 frilled lizards
  7 rats
63 creatures vanquished.

Vanquished Creatures (others)
  An endoplasm (D:4)
1 creature vanquished.

Grand Total: 64 creatures vanquished

Notes
Turn   | Place    | Note
-------+----------+-------------------------------------------
     0 | D:1      | MisterFreud the Formicid Gladiator began the quest for the
                  | Orb.
     0 | D:1      | Reached XP level 1. HP: 16/16 MP: 1/1
   115 | D:1      | Reached XP level 2. HP: 20/22 MP: 2/2
   488 | D:1      | Reached skill level 4 in Staves
   488 | D:1      | Reached XP level 3. HP: 25/27 MP: 3/3
  1219 | D:2      | Reached XP level 4. HP: 33/33 MP: 4/4
  2008 | D:3      | Reached skill level 5 in Staves
  2168 | D:3      | Found a faded altar of an unknown god.
  2281 | D:3      | Reached XP level 5. HP: 33/38 MP: 5/5
  2768 | D:4      | Noticed a black bear
  2780 | D:4      | Slain by a black bear

Illustrated notes

Levels and vault maps discovered:
D:1:      minmay_arrival_open_corners, layout_loops_ring
D:2:      layout_basic
D:3:      layout_basic, basic_ecumenical_altar
D:4:      minmay_recursive_quarters, layout_loops_ring, grunt_qazlal_clouds

Skill      XL: |  1  2  3  4 |
---------------+-------------+-----
Staves         | 4 5 |  5.4
Fighting       | |  2.1
Throwing       | |  2.0
Dodging        | |  2.6

Action                   |  1- 3 |  4- 6 || total
-------------------------+-------+-------++-------
Melee: Quarterstaff      |   107 |    84 ||   191
       Punch             |       |     1 ||     1
 Abil: Shaft Self        |       |     1 ||     1
  Use: Scroll            |     7 |     1 ||     8
 Stab: Sleeping          |     3 |     1 ||     4
       Distracted        |       |     1 ||     1
Armor: Leather armour    |    24 |    25 ||    49
Dodge: Dodged            |    83 |    57 ||   140
